 Dungeon Crawl Stone Soup version 0.24.0-13-gcf9b3192b9 (webtiles) character file.

Game seed: 8245601267343312387, levelgen mode: deterministic

189020 bl3nd3r the Executioner (level 17, -2/170 HPs)
             Began as a Minotaur Berserker on Nov 6, 2019.
             Was a High Priest of Trog.
             Shot with an arrow by a naga sharpshooter (3 damage)
             ... on level 4 of the Snake Pit.
             The game lasted 02:00:39 (41015 turns).

bl3nd3r the Executioner (Minotaur Berserker)       Turns: 41015, Time: 02:00:39

Health: -2/170     AC: 25    Str: 27    XL:     17   Next: 49%
Magic:  0/5        EV:  9    Int:  4    God:    Trog [*****.]
Gold:   1276       SH:  0    Dex: 12    Spells: 16/16 levels left

rFire    + + .     SeeInvis .   b - +6 executioner's axe (antimagic)
rCold    + + .     Gourm    .   (shield currently unavailable)
rNeg     + . .     Faith    .   P - +1 plate armour {MR+}
rPois    +         Spirit   +   l - -2 hat of the Alchemist {rElec rPois rF+ rC+ rN+ MR+ rMut rCorr}
rElec    +         Reflect  .   j - scarf {rC+ rF+}
rCorr    +         Harm     .   q - +1 pair of gloves
rMut     +                      Z - +0 pair of boots
MR       +++++                  e - amulet of guardian spirit
Stlth    ..........             A - +6 ring of protection
HPRegen  1.38/turn              H - ring of protection from magic
MPRegen  0.09/turn

@: lethally poisoned (-2 -> -15), regenerating, constricted
A: retaliatory headbutt, horns 2
}: 1/15 runes: decaying
a: Berserk, Trog's Hand, Brothers in Arms, Renounce Religion


You were on level 4 of the Snake Pit.
You worshipped Trog.
Trog was extremely pleased with you.
You were hungry.

You visited 6 branches of the dungeon, and saw 29 of its levels.
You also visited: Ossuary and Volcano.

You collected 4407 gold pieces.
You spent 3131 gold pieces at shops.

Inventory:

Hand Weapons
 a - a +2 executioner's axe of flaming
 b - a +6 antimagic executioner's axe (weapon)
 C - a +2 executioner's axe of freezing
 V - a +4 battleaxe of electrocution
 X - a +0 battleaxe of electrocution
Missiles
 E - 5 datura-tipped darts (quivered)
 Q - 12 javelins
Armour
 j - a scarf of resistance (worn)
 l - the -2 hat of the Alchemist (worn) {rElec rPois rF+ rC+ rN+ MR+ rMut rCorr}
   (You bought it in a shop on level 2 of the Orcish Mines)

   It protects you from fire.
   It protects you from cold.
   It insulates you from electricity.
   It protects you from poison.
   It protects you from negative energy.
   It affects your resistance to hostile enchantments.
   It provides partial protection from all sources of acid and corrosion.
   It protects you from mutation.
 q - a +1 pair of gloves (worn)
 z - the +4 chain mail of the Cicada {Dex+4}
   (You found it on level 6 of the Dungeon)

   It affects your dexterity (+4).
 P - a +1 plate armour of magic resistance (worn)
 S - a +2 scale mail of fire resistance
 Z - a +0 pair of boots (worn)
Jewellery
 e - an amulet of guardian spirit (around neck)
 x - the amulet "Adoulaosk" {Harm *Drain Int+4}
   (You found it on level 11 of the Dungeon)

   [amulet of harm]

   It increases damage dealt and taken.
   It affects your intelligence (+4).
   It causes draining when unequipped.
 y - an uncursed ring of ice
 A - a +6 ring of protection (left hand)
 H - a ring of protection from magic (right hand)
 K - an uncursed ring of see invisible
 L - an uncursed ring of resist corrosion
 T - an uncursed amulet of the acrobat
 U - an uncursed amulet of the acrobat
 W - an uncursed ring of positive energy
Wands
 w - a wand of iceblast (9)
 J - a wand of acid (17)
 M - a wand of polymorph (10)
Scrolls
 f - 6 scrolls of enchant armour
 i - 16 scrolls of remove curse
 k - 4 scrolls of identify
 m - 11 scrolls of teleportation
 B - 3 scrolls of enchant weapon
 D - a scroll of vulnerability {unknown}
 F - a scroll of fear
 I - 2 scrolls of magic mapping
 N - 2 scrolls of noise
 R - 2 scrolls of fog
Potions
 d - 7 potions of agility
 g - a potion of heal wounds
 h - 6 potions of flight
 n - 5 potions of cancellation
 o - 7 potions of haste
 p - 4 potions of might
 r - 2 potions of ambrosia
 s - 6 potions of mutation
 t - 13 potions of curing
 u - 3 potions of resistance
 v - a potion of invisibility
Comestibles
 c - 19 rations


   Skills:
 - Level 20.2 Fighting
 * Level 24.5 Axes
 - Level 14.0 Armour
 - Level 8.0 Dodging


You had 16 spell levels left.
You didn't know any spells.
Your spell library was empty.

Dungeon Overview and Level Annotations

Branches:
Dungeon (12/15)            Temple (0/1) D:7            Lair (6/6) D:9
  Swamp (4/4) Lair:2        Snake (4/4) Lair:3        Slime (1/5) Lair:5
    Orc (2/2) D:10            Elf (0/3) Orc:2       Ossuary (visited)
Volcano (visited)

Altars:
Ashenzari
Dithmenos
Fedhas
Gozag
Nemelex Xobeh
Okawaru
Trog
Uskayaw
Vehumet
Wu Jian
Yredelemnul
Zin

Shops:
D:7 !*!   D:11 [?*[}   Orc:1 :*:*   Orc:2 ([(?!


Innate Abilities, Weirdness & Mutations

You reflexively headbutt those who attack you in melee.
You have a pair of horns on your head.


Message History

The nagaraja constricts you.
The black mamba bites you but does no damage.
The shock serpent completely misses you.
The shock serpent bites you!
* * * LOW HITPOINT WARNING * * *
The shock serpent shocks you. You resist.
* * * LOW HITPOINT WARNING * * *
The salamander hits you from afar with a +4 spear.
* * * LOW HITPOINT WARNING * * *
You are engulfed in flames.
You resist.
* * * LOW HITPOINT WARNING * * *
The nagaraja hits you but does no damage.
* * * LOW HITPOINT WARNING * * *
The nagaraja constricts you. The naga mage spits poison at you.
The splash of poison hits you but does no damage.
You are more poisoned.
You resist. The black mamba barely misses you.
The naga sharpshooter shoots an arrow.
The arrow hits you.
You die...

#.....# #⌠.<.⌠#
#.....# ##...##
###'###
##.....##
##...⌠...##
##...NS....##
#..⌠.†@).N..#
#.....SSN.....#
.......N.......
....#.....#....
.⌠. #.....# .⌠.
.. #..⌠..# .. .
#.....# .
#.....#


You could see a nagaraja, a naga sharpshooter, a salamander, 2 shock serpents, a
black mamba and a naga mage.

Vanquished Creatures
  the Lernaean hydra (Swamp:3)
  Frances (Swamp:2)
  5 thorn hunters
  A fire giant (D:12)
  A nagaraja (Snake:2)
  A stone giant (Orc:2)
  The ghost of Iamsoldier the Grappler, a journeyman TrMo of Trog (D:8)
  19 hydras
  13 naga warriors
  Fannar (Lair:2)
  A catoblepas (Lair:4)
  4 ghost crabs
  2 shambling mangroves
  2 ogre magi
  11 two-headed ogres
  5 death yaks
  5 anacondas
  7 alligators
  2 naga sharpshooters
  The ghost of Zleub the Fighter, a novice MfSk of Makhleb (D:7)
  5 shock serpents
  2 skeletal warriors (D:12)
  An unseen horror (D:11)
  2 deep trolls (Orc:1)
  A salamander mystic (Snake:3)
  2 spriggan druids
  2 glowing orange brains (D:11)
  10 swamp dragons
  Pikel (D:8)
  A deep elf archer (D:12)
  3 naga ritualists
  6 mana vipers
  2 orc sorcerers
  2 cyclopes
  5 ugly things
  6 salamanders
  12 elephants
  Maurice (D:10)
  27 black mambas
  Joseph (D:8)
  7 naga magi
  A smoke demon (Volcano)
  3 guardian serpents
  A torpor snail (Lair:5)
  The ghost of Esos the Chiller, a novice DgIE (D:6)
  3 rime drakes
  8 spiny frogs
  10 komodo dragons
  3 red devils (Volcano)
  A kobold demonologist (D:11)
  8 polar bears
  8 tyrant leeches
  16 hornets
  11 trolls
  6 bog bodies
  14 slime creatures
  11 hippogriffs
  24 blink frogs
  12 dream sheep
  3 wyverns
  21 spriggans
  48 yaks
  2 vampires
  A wraith (D:12)
  A shadow (Swamp:1)
  4 hogs (D:9)
  A human (D:9)
  2 hungry ghosts
  A steam dragon (D:11)
  25 vampire mosquitoes
  3 basilisks
  2 wargs (Orc:1)
  20 swamp worms
  9 insubstantial wisps
  25 nagas
  15 water moccasins
  4 porcupines
  The ghost of OleJ the Sneak, an amateur VSEE of Sif Muna (D:7)
  5 ice beasts
  5 sky beasts
  14 swamp drakes
  13 orc warriors
  A slave (D:8)
  3 black bears
  22 wolves
  4 boggarts (Lair:6)
  4 phantoms
  24 ogres
  8 centaurs
  7 crocodiles
  4 big kobolds
  21 bullfrogs
  3 water moccasin zombies
  A wyvern skeleton (D:6)
  4 scorpions
  14 killer bees
  5 wights (D:10)
  3 electric eels
  5 crimson imps
  6 howler monkeys
  12 hounds
  3 jellies
  3 bullfrog zombies
  A quasit (D:11)
  2 bullfrog skeletons
  2 centaur skeletons
  13 orc priests
  Crazy Yiuf (D:2)
  21 orc wizards
  21 mummies (Ossuary)
  4 iguanas
  6 worker ants
  A killer bee zombie (D:5)
  2 hound zombies
  A howler monkey zombie (Ossuary)
  2 hound skeletons
  3 worker ant zombies
  17 adders
  7 gnolls
  A shadow imp (D:7)
  An adder skeleton (D:4)
  2 adder zombies
  2 worms (D:3)
  A dart slug (D:1)
  4 leopard geckos
  52 orcs
  4 giant cockroaches
  7 hobgoblins
  10 jackals
  3 quokkas
  5 ball pythons
  A ball python skeleton (D:5)
  6 bats
  10 frilled lizards
  A giant cockroach zombie (Ossuary)
  11 goblins
  A jackal skeleton (D:6)
  A jackal zombie (Ossuary)
  23 kobolds
  A leopard gecko skeleton (D:6)
  A leopard gecko zombie (Ossuary)
  A quokka zombie (Ossuary)
  7 rats
  5 briar patches (Swamp:4)
  4 fungi
  2 plants (Lair:5)
977 creatures vanquished.

Vanquished Creatures (collateral kills)
  2 skeletal warriors (D:12)
  3 swamp dragons (Swamp:4)
5 creatures vanquished.

Vanquished Creatures (others)
  A hydra (Swamp:4)
  An alligator (Swamp:4)
  An orc wizard (Orc:1)
  A briar patch (Swamp:4)
  13 fungi
  13 plants
  2 withered plants (Ossuary)
32 creatures vanquished.

Grand Total: 1014 creatures vanquished

Notes
Turn   | Place    | Note
-------+----------+-------------------------------------------
     0 | D:1      | bl3nd3r the Minotaur Berserker began the quest for the Orb.
     0 | D:1      | Reached XP level 1. HP: 19/19 MP: 0/0
    43 | D:1      | Reached skill level 4 in Axes
   175 | D:1      | Reached XP level 2. HP: 8/26 MP: 1/1
   886 | D:1      | Reached skill level 5 in Axes
  1058 | D:1      | Reached XP level 3. HP: 31/31 MP: 2/2
  1541 | D:2      | Reached ** piety under Trog
  1566 | D:2      | Found a runed translucent door.
  1567 | D:2      | Noticed Crazy Yiuf
  2109 | D:2      | Killed Crazy Yiuf
  2109 | D:2      | Reached skill level 6 in Axes
  2109 | D:2      | Reached XP level 4. HP: 39/39 MP: 3/3
  2246 | D:3      | Found a shattered altar of Ashenzari.
  2307 | D:3      | Reached skill level 7 in Axes
  2307 | D:3      | Reached XP level 5. HP: 45/45 MP: 4/4
  3161 | D:4      | Noticed a phantom
  3185 | D:4      | Found a sand-covered staircase.
  3209 | Ossuary  | Entered an ossuary
  3228 | Ossuary  | Reached skill level 8 in Axes
  3256 | Ossuary  | Reached XP level 6. HP: 9/51 MP: 2/5
  3284 | Ossuary  | Reached *** piety under Trog
  3392 | Ossuary  | Reached skill level 9 in Axes
  3442 | Ossuary  | Reached XP level 7. HP: 38/57 MP: 4/6
  3693 | Ossuary  | Reached skill level 10 in Axes
  4595 | D:4      | Reached skill level 11 in Axes
  4728 | D:4      | Found a bloodstained altar of Trog.
  4847 | D:4      | Reached **** piety under Trog
  4960 | D:4      | Found a transporter.
  5093 | D:4      | Found a transporter.
  5208 | D:4      | Reached XP level 8. HP: 62/64 MP: 5/7
  5386 | D:4      | Reached skill level 12 in Axes
  5403 | D:4      | Got a heavily runed leather armour
  5414 | D:4      | Identified the cursed +0 leather armour of Hoorphet {rF-
                  | rN++ Dex+6} (You found it on level 4 of the Dungeon)
  5476 | D:5      | Entered Level 5 of the Dungeon
  5695 | D:5      | Reached skill level 5 in Fighting
  5810 | D:5      | Found a sparkling altar of Nemelex Xobeh.
  6075 | D:5      | Found a radiant altar of Vehumet.
  6197 | D:5      | Reached ***** piety under Trog
  6257 | D:5      | Reached XP level 9. HP: 75/75 MP: 8/8
  6813 | D:6      | Found a runed translucent door.
  6819 | D:6      | Noticed Esos's ghost (novice DgIE)
  6845 | D:6      | Killed Esos's ghost
  6903 | D:6      | Found an ornate altar of the Wu Jian Council.
  6926 | D:6      | Reached skill level 13 in Axes
  7261 | D:6      | Reached skill level 5 in Armour
  7420 | D:6      | Found an opulent altar of Gozag.
  7430 | D:6      | Got a topaz-studded chain mail
  7446 | D:6      | Identified the +4 chain mail of the Cicada {Dex+4} (You
                  | found it on level 6 of the Dungeon)
  7655 | D:6      | Found an iron altar of Okawaru.
  7773 | D:6      | Found a glowing silver altar of Zin.
  7780 | D:7      | Found a basalt altar of Yredelemnul.
  7786 | D:7      | Found Catsiyxt's Distillery.
  7791 | D:7      | Bought a potion of curing for 39 gold pieces
  7877 | D:7      | Reached skill level 5 in Dodging
  7936 | D:7      | Found Uguso's Distillery.
  8000 | D:7      | Bought a potion of curing for 39 gold pieces
  8000 | D:7      | Bought a potion of curing for 39 gold pieces
  8020 | D:7      | Found a staircase to the Ecumenical Temple.
  8022 | D:7      | Received a gift from Trog
  8029 | D:7      | Reached XP level 10. HP: 84/88 MP: 9/9
  8413 | D:7      | Found Wuxt's Assorted Antiques.
  8429 | D:7      | Found a runed translucent gate.
  8429 | D:7      | Found a runed translucent gate.
  8429 | D:7      | Noticed OleJ's ghost (amateur VSEE)
  8430 | D:7      | Found a runed translucent gate.
  8430 | D:7      | Noticed Zleub's ghost (novice MfSk)
  8440 | D:7      | Killed OleJ's ghost
  8442 | D:7      | Killed Zleub's ghost
  8752 | D:8      | Reached skill level 14 in Axes
  8843 | D:8      | Noticed Pikel
  8856 | D:8      | Killed Pikel
  9014 | D:8      | Noticed Joseph
  9034 | D:8      | Killed Joseph
  9097 | D:8      | Found a large runed translucent door.
  9097 | D:8      | Found a large runed translucent door.
  9098 | D:8      | Noticed Iamsoldier's ghost (journeyman TrMo)
  9316 | D:9      | Found a blossoming altar of Fedhas.
  9662 | D:9      | Noticed a two-headed ogre
  9670 | D:9      | Killed a two-headed ogre
  9670 | D:9      | Reached skill level 10 in Fighting
  9824 | D:9      | Received a gift from Trog
  9998 | D:9      | Found a staircase to the Lair.
 10039 | D:9      | Reached XP level 11. HP: 94/101 MP: 8/10
 10601 | D:9      | Received a gift from Trog
 10739 | D:9      | Reached skill level 15 in Axes
 10970 | D:9      | Found a hide-covered altar of Uskayaw.
 10970 | D:9      | Found a shadowy altar of Dithmenos.
 11034 | D:10     | Entered Level 10 of the Dungeon
 11080 | D:10     | Noticed Maurice
 11088 | D:10     | Killed Maurice
 11159 | D:10     | Noticed a two-headed ogre
 11165 | D:10     | Killed a two-headed ogre
 11449 | D:10     | Got a jewelled chain mail
 11450 | D:10     | Identified the +1 chain mail "Ywuehonk" {rN++ rCorr} (You
                  | found it on level 10 of the Dungeon)
 11645 | D:10     | Found a staircase to the Orcish Mines.
 12282 | Orc:1    | Entered Level 1 of the Orcish Mines
 12282 | Orc:1    | Found Qerhaduc's Assorted Antiques.
 12328 | Orc:1    | Found Sivo's Book Emporium.
 12383 | Orc:1    | Found Ohan's Assorted Antiques.
 12680 | Orc:1    | Found Nuggiumm's Book Shoppe.
 13001 | Orc:2    | Entered Level 2 of the Orcish Mines
 13001 | Orc:2    | Found Poschy Usse's Weapon Shoppe.
 13001 | Orc:2    | Found Mayq's Magic Scroll Shop.
 13001 | Orc:2    | Noticed a two-headed ogre
 13001 | Orc:2    | Noticed a two-headed ogre
 13005 | Orc:2    | Noticed a two-headed ogre
 13005 | Orc:2    | Noticed a two-headed ogre
 13024 | Orc:1    | Killed a two-headed ogre
 13151 | Orc:2    | Noticed a deep troll
 13151 | Orc:2    | Noticed an ogre mage
 13152 | Orc:2    | Noticed a stone giant
 13152 | Orc:2    | Noticed a two-headed ogre
 13152 | Orc:2    | Received a gift from Trog
 13160 | Orc:1    | Killed a two-headed ogre
 13162 | Orc:1    | Killed a two-headed ogre
 13162 | Orc:1    | Reached skill level 16 in Axes
 13494 | Orc:2    | Noticed a deep troll
 13501 | Orc:1    | Killed a deep troll
 13623 | Orc:1    | Reached XP level 12. HP: 88/113 MP: 8/11
 13934 | Orc:2    | Noticed a two-headed ogre
 13942 | Orc:1    | Killed an ogre mage
 14093 | Orc:1    | Killed a two-headed ogre
 14394 | Orc:2    | Noticed a two-headed ogre
 14395 | Orc:2    | Noticed a two-headed ogre
 14405 | Orc:1    | Killed a two-headed ogre
 14675 | Orc:1    | Killed a two-headed ogre
 15027 | Orc:2    | Killed a two-headed ogre
 15027 | Orc:2    | Reached skill level 17 in Axes
 15027 | Orc:2    | Reached skill level 10 in Armour
 15182 | Orc:2    | Killed a stone giant
 15444 | Orc:2    | Found Rodain's Antique Armour Emporium.
 15519 | Orc:2    | Killed a two-headed ogre
 15564 | Orc:2    | Noticed an ogre mage
 15715 | Orc:2    | Killed an ogre mage
 15906 | Orc:2    | Found Ufiv's Distillery.
 15920 | Orc:2    | Bought 2 potions of curing for 78 gold pieces
 15920 | Orc:2    | Bought a potion of curing for 39 gold pieces
 15933 | Orc:2    | Found Uxteiri's Weapon Shoppe.
 15936 | Orc:2    | Bought a scroll of blinking for 90 gold pieces
 15936 | Orc:2    | Bought a scroll of teleportation for 36 gold pieces
 15936 | Orc:2    | Bought a scroll of teleportation for 36 gold pieces
 15936 | Orc:2    | Bought a scroll of identify for 24 gold pieces
 15936 | Orc:2    | Bought a scroll of identify for 24 gold pieces
 16049 | Orc:2    | Reached skill level 18 in Axes
 16343 | Orc:2    | Found a staircase to the Elven Halls.
 16463 | Orc:2    | Bought a +0 battleaxe for 84 gold pieces
 16620 | Orc:1    | Bought a shiny plate armour for 702 gold pieces
 16761 | Lair:1   | Entered Level 1 of the Lair of Beasts
 16987 | Lair:1   | Received a gift from Trog
 17134 | Lair:1   | Reached XP level 13. HP: 89/122 MP: 7/12
 17368 | Lair:1   | Found a dark tunnel.
 17377 | Volcano  | Entered a volcano
 18278 | Lair:2   | Reached skill level 19 in Axes
 18372 | Lair:2   | Noticed Fannar
 18383 | Lair:2   | Killed Fannar
 19044 | Lair:2   | Reached skill level 20 in Axes
 19282 | Lair:2   | Found a staircase to the Swamp.
 20136 | Lair:3   | Found a staircase to the Snake Pit.
 20151 | Lair:3   | Received a gift from Trog
 21654 | Lair:4   | Reached XP level 14. HP: 118/133 MP: 10/13
 22037 | Lair:5   | Found a staircase to the Slime Pits.
 22277 | Lair:5   | You fall into a shaft and drop 1 floor!
 22277 | Lair:6   | Entered Level 6 of the Lair of Beasts
 22281 | Lair:6   | Reached skill level 15 in Fighting
 22543 | Lair:6   | Reached ****** piety under Trog
 22543 | Lair:6   | Received a gift from Trog
 22543 | Lair:6   | Reached skill level 21 in Axes
 24806 | Lair:6   | Reached XP level 15. HP: 126/145 MP: 11/14
 25304 | D:8      | Killed Iamsoldier's ghost
 25388 | D:11     | Found a gate leading to a gauntlet.
 25390 | D:11     | Found Zakkut's Antique Armour Shop.
 25407 | D:11     | Found Qaukk's Magic Scroll Emporium.
 25459 | D:11     | Received a gift from Trog
 25468 | D:11     | Found Mialuyq's Assorted Antiques.
 25512 | D:11     | Found Loahu's Gadget Emporium.
 25531 | D:11     | Found Xusi's Armour Shoppe.
 25607 | D:11     | Found a transporter.
 25622 | D:11     | Found a transporter.
 26083 | D:11     | Got a serpentine tin amulet
 26524 | D:11     | Bought a scroll of teleportation for 45 gold pieces
 26524 | D:11     | Bought a scroll of teleportation for 45 gold pieces
 26524 | D:11     | Bought a scroll of blinking for 112 gold pieces
 27121 | D:12     | Identified the amulet "Adoulaosk" {Harm *Drain Int+4} (You
                  | found it on level 11 of the Dungeon)
 27141 | D:12     | Identified a scroll of acquirement
 27367 | D:12     | Reached skill level 22 in Axes
 27832 | D:12     | Noticed a fire giant
 27851 | D:12     | Killed a fire giant
 28414 | Orc:2    | Bought the -2 hat of the Alchemist {rElec rPois rF+ rC+ rN+
                  | MR+ rMut rCorr} for 1699 gold pieces
 28414 | Orc:2    | Found the -2 hat of the Alchemist {rElec rPois rF+ rC+ rN+
                  | MR+ rMut rCorr}
 28554 | Swamp:1  | Entered Level 1 of the Swamp
 30086 | Swamp:2  | Received a gift from Trog
 30714 | Swamp:2  | Noticed Frances
 30864 | Swamp:2  | Killed Frances
 31063 | Swamp:3  | Noticed a thorn hunter
 31068 | Swamp:3  | Killed a thorn hunter
 31364 | Swamp:3  | Noticed a thorn hunter
 31374 | Swamp:3  | Reached XP level 16. HP: 137/157 MP: 13/15
 31379 | Swamp:3  | Killed a thorn hunter
 31685 | Swamp:3  | Paralysed by a hornet for 1 turns
 32232 | Swamp:3  | Noticed a thorn hunter
 32241 | Swamp:3  | Killed a thorn hunter
 32496 | Swamp:4  | Entered Level 4 of the Swamp
 32561 | Swamp:4  | Noticed a thorn hunter
 32874 | Swamp:4  | Killed a thorn hunter
 33058 | Swamp:4  | Received a gift from Trog
 33076 | Swamp:4  | Noticed a thorn hunter
 33097 | Swamp:4  | Killed a thorn hunter
 33545 | Swamp:4  | Reached skill level 23 in Axes
 34064 | Swamp:4  | Noticed the 27-headed Lernaean hydra
 35019 | Swamp:4  | Got a decaying rune of Zot
 35315 | Swamp:3  | Killed the 24-headed Lernaean hydra
 35618 | Slime:1  | Entered Level 1 of the Pits of Slime
 35687 | Snake:1  | Entered Level 1 of the Snake Pit
 36969 | Snake:1  | Reached XP level 17. HP: 127/168 MP: 5/16
 37583 | Snake:2  | Received a gift from Trog
 37877 | Snake:2  | HP: 11/253 [naga warrior/+0 short sword (14)]
 38928 | Snake:2  | Reached skill level 24 in Axes
 40856 | Snake:4  | Entered Level 4 of the Snake Pit
 40878 | Snake:4  | Received a gift from Trog
 41015 | Snake:4  | HP: 8/170 [salamander/+4 spear (1)]
 41015 | Snake:4  | HP: 3/170 [salamander/+4 spear (5)]
 41015 | Snake:4  | HP: 1/170 [nagaraja (2)]
 41015 | Snake:4  | Shot with an arrow by a naga sharpshooter

Levels and vault maps discovered:
D:1:      kennysheep_arrival_forest, layout_basic, due_unseen_surprise
D:2:      layout_rooms, first_ration, kennysheep_generic_room_4,
          uniq_crazy_yiuf_cottage
D:3:      layout_rooms, cheibrodos_ashenzari_chains, minmay_quantized
D:4:      gammafunk_cloud_chamber, layout_loops_ring, kennysheep_mini_moat,
          enter_ossuary_5
D:5:      layout_loops_ring, marbit_many_paths, vehumet_altar_wand_db,
          skrybe_limestone_x
D:6:      layout_loops_ring, grunt_gozag_statues, kennysheep_little_box,
          zin_statuary, kennysheep_mini, ebering_ghost_sewer_d
D:7:      layout_basic, yredelemnul_altar_generic,
          minmay_temple_entry_mini_moons, serial_shops, shop, shop, shop,
          gammafunk_ghost_cemetery
D:8:      layout_loops_ring, ebering_ghost_disaster_area, uniq_pikel,
          uniq_joseph
D:9:      layout_loops_ring, gammafunk_temple_overflow_elements,
          lemuel_crystal_altar, erik_lair_island, grunt_livestock
D:10:     layout_loops_ring, orc_0_dummy, uniq_maurice
D:11:     gammafunk_jiyva_shrine, layout_basic, serial_shops, shop, shop, shop,
          shop_scrolls, shop, gauntlet_entry_generic
D:12:     hourglass_vault, layout_stronghold
Lair:1:   layout_regular_city, nicolae_volcano_entry_hallway
Lair:2:   layout_long_grid, minmay_swamp_entry_worms, uniq_fannar
Lair:3:   layout_long_grid, minmay_snake_entry_six_corridors
Lair:4:   layout_cave_pods
Lair:5:   layout_big_grid, minmay_slime_entry_pillars
Lair:6:   minmay_lair_end_enchanted_forest, layout_gridlike
Swamp:1:  layout_basic_swamp, evilmike_swamp_ruin_house_4,
          infiniplex_staircase_pool
Swamp:2:  layout_basic_swamp, evilmike_swamp_ruin_rubble_2, uniq_frances
Swamp:3:  layout_basic_swamp, evilmike_swamp_ruin_house_6
Swamp:4:  swamp_old_school, layout_basic_swamp
Snake:1:  layout_grid_maze
Snake:2:  layout_grid_maze, serial_bayou_shore_b
Snake:3:  layout_cave_shapes
Snake:4:  minmay_snake_end_coiled, layout_chambers, serial_shops,
          nicolae_shop_waterfront, grunt_megastairs_3, uniq_mara, uniq_vashnia,
          uniq_roxanne
Slime:1:  layout_caves
Orc:1:    layout_caves, serial_shops, shop_fountains, shop_fountains,
          nicolae_shop_competitors_out_of_business, nicolae_shop_stone
Orc:2:    st_orc_open, layout_caves, serial_shops, shop

Skill      XL: |  1  2  3  4  5  6  7  8  9 10 11 12 13 14 15 16 17 |
---------------+----------------------------------------------------+-----
Axes           | 4 5 6 7 8 9 11 12 13 14 16 18 20 21 22 23 24 | 24.5
Fighting       | 5 8 10 12 13 14 16 17 19 20 | 20.2
Armour         | 3 5 7 9 10 12 13 14 | 14.0
Dodging        | 3 5 6 7 8 |  8.0

Action                   |  1- 3 |  4- 6 |  7- 9 | 10-12 | 13-15 | 16-18 || total
-------------------------+-------+-------+-------+-------+-------+-------++-------
Melee: Hand axe          |    86 |   130 |   411 |   126 |       |       ||   753
       Headbutt          |    12 |    25 |    76 |   154 |   223 |   125 ||   615
       War axe           |       |       |       |   383 |       |       ||   383
       Flail             |       |       |       |     4 |       |       ||     4
       Battleaxe         |       |       |       |    41 |   746 |    70 ||   857
       Executioner's axe |       |       |       |       |   212 |   411 ||   623
Invok: Berserk           |     2 |     3 |     4 |    11 |     8 |     5 ||    33
       Trog's Hand       |       |     1 |     2 |     4 |     5 |     4 ||    16
       Brothers in Arms  |       |       |       |     1 |     1 |     2 ||     4
  Use: Scroll            |       |     5 |     4 |     7 |    20 |    11 ||    47
       Potion            |       |       |     1 |       |       |     5 ||     6
 Stab: Sleeping          |     1 |       |       |       |       |       ||     1
       Distracted        |       |       |       |       |     1 |       ||     1
  Eat: Chunk             |     4 |     6 |    12 |    29 |    32 |     7 ||    90
       Ration            |       |     1 |     2 |     4 |     7 |     9 ||    23
Armor: Animal skin       |    19 |    15 |    14 |       |       |       ||    48
       Ring mail         |       |       |    54 |    18 |   336 |       ||   408
       Chain mail        |       |       |    42 |   276 |    23 |       ||   341
       Plate armour      |       |       |       |       |   207 |   585 ||   792
       Scale mail        |       |       |       |       |    12 |       ||    12
Dodge: Dodged            |    66 |    55 |   147 |   375 |   599 |   371 ||  1613
